 Dungeon Crawl Stone Soup version 0.27.1-34-g3ba077fa99 (webtiles) character file.

Game seed: 7805519126077669702

282 zeram the Shield-Bearer (level 6, 0/42 HPs)
             Began as an Octopode Fighter on Jan 19, 2022.
             Slain by an orc (4 damage)
             ... on level 3 of the Dungeon.
             The game lasted 00:04:26 (1893 turns).

zeram the Shield-Bearer (Octopode Fighter)          Turns: 1893, Time: 00:04:27

Health: 0/42       AC: -3    Str: 25    XL:     6   Next: 28%
Magic:  6/6        EV: 12    Int: 13    God:
Gold:   930        SH: 11    Dex: 11    Spells: 5/5 levels left

rFire    + + +     SeeInvis +   h - +2 spear (venom)
rCold    . . .     Faith    .   b - +1 kite shield
rNeg     . . .     Spirit   .   (helmet restricted)
rPois    .         Reflect  .   (no amulet)
rElec    .         Harm     .   d - ring of Iratownippa {*Corrode rF+++ Str+10 SInv}
rCorr    .         Rampage  .   (no ring)
Will     .....                  (no ring)
Stlth    ++........             (no ring)
HPRegen  0.14/turn              (no ring)
MPRegen  0.10/turn              (no ring)
                                (no ring)
                                (no ring)

@: corroded
A: almost no armour, amphibious, 8 rings, camouflage 1, gelatinous body 1,
(nimble swimmer 1), tentacles
a: no special abilities


You were on level 3 of the Dungeon.
You visited 1 branch of the dungeon, and saw 3 of its levels.

You collected 930 gold pieces.

Inventory:

Hand Weapons
 a - a +0 war axe
 h - a +2 spear of venom (weapon)
Missiles
 g - 16 poisoned darts (quivered)
Armour
 b - a +1 kite shield (worn)
Jewellery
 d - the ring of Iratownippa (left tentacle) {*Corrode rF+++ Str+10 SInv}
   (You acquired it on level 2 of the Dungeon)

   [ring of see invisible]

   Str:       It affects your strength (+10).
   rF:        It renders you almost immune to fire.
   SInv:      It lets you see invisible.
   *Corrode:  It may corrode you when you take damage.
 e - a ring of flight
Scrolls
 f - a scroll of teleportation
 i - a scroll of immolation {unknown}
 j - a scroll of amnesia {unknown}
 k - a scroll of fear {unknown}
 l - a scroll of enchant armour
 o - 2 scrolls of silence {unknown}
Potions
 c - 2 potions of might
 n - a potion of attraction {unknown}


   Skills:
 - Level 3.0 Fighting
 - Level 2.2(2.8) Axes
 + Level 2.5(3.0) Polearms
 + Level 4.2 Dodging
 * Level 5.2 Shields


You had 5 spell levels left.
You didn't know any spells.
Your spell library was empty.

Dungeon Overview and Level Annotations

Branches:
Dungeon (3/15)

Altars:


Innate Abilities, Weirdness & Mutations

You cannot wear most types of armour.
You are amphibious.
You can wear up to eight rings at the same time.
Your skin changes colour to match your surroundings (Stealth+).
Your rubbery body absorbs attacks. (AC +1, EV +1)
((You are camouflaged near water. (Stealth+)))
You have tentacles for arms and can constrict up to eight enemies at once.


Message History

You kill the orc!
The orc priest looks satisfied for a moment.
The goblin hits you with a +0 club. You block the goblin's attack.
You barely miss the orc priest. Your grab misses the orc priest.
You squeeze the orc priest!
The orc priest is severely wounded.
You block the orc's attack. The orc barely misses you.
The goblin hits you with a +0 club.
The orc priest calls down the wrath of Beogh upon you.
Pain shoots through your body!
You hit the orc priest.
The orc priest is poisoned.
Your grab misses the orc priest. You squeeze the orc priest.
You kill the orc priest!
You block the orc's attack. x2; The goblin completely misses you.
You hit the orc wizard.
The orc wizard is poisoned.
You grab the orc wizard.
The orc wizard is moderately wounded.
You constrict the orc wizard. The orc hits you with a +0 whip.
Your corrosive artefact corrodes you!
You block the orc's attack. You block the goblin's attack.
The orc wizard hits you with a +0 dagger.
You hit the orc wizard. You squeeze the orc wizard.
You kill the orc wizard!
The orc hits you with a +0 hand axe.
* * * LOW HITPOINT WARNING * * *
You block the orc's attack. The goblin hits you with a +0 club.
* * * LOW HITPOINT WARNING * * *
You block the orc's attack. The orc misses you.
You feel better. The goblin hits you with a +0 club.
The orc hits you with a +0 hand axe.
* * * LOW HITPOINT WARNING * * *
You block the orc's attack.
You hit the orc but do no damage.
The orc is poisoned.
You grab the orc. You constrict the orc. The goblin barely misses you.
The orc misses you. You block the orc's attack.
You completely miss the orc. You grab the orc. You constrict the orc. x2
You kill the orc!
The goblin hits you with a +0 club.
* * * LOW HITPOINT WARNING * * *
The orc hits you with a +0 whip.
You die...

#.##.#...##..#.#
###.##.'..........
#......#...##.....
#.###..#...##..###
#.# #..#...##..###
####'###########..##.
#..........# ###..##.
#..........# #....##.
#..o@......# #.#.....
#..)g).....# #.....#.
#..[.......# #.#####.
#..........# #.#####.
#..........# ####....
#........... #####
############


You could see an orc and a goblin.

Vanquished Creatures
  An ogre (D:3)
  2 orc priests (D:3)
  2 orc wizards (D:3)
  2 adders (D:2)
  2 worms (D:2)
  10 orcs
  4 ball pythons
  4 endoplasms (D:1)
  3 goblins
  2 hobgoblins
  10 jackals
  2 kobolds
  6 quokkas
  3 bats
  2 frilled lizards (D:3)
  8 rats
63 creatures vanquished.

Notes
Turn   | Place    | Note
-------+----------+-------------------------------------------
     0 | D:1      | zeram the Octopode Fighter began the quest for the Orb.
     0 | D:1      | Reached XP level 1. HP: 16/16 MP: 1/1
   149 | D:1      | Found a faded altar of an unknown god.
   155 | D:1      | Reached XP level 2. HP: 17/21 MP: 2/2
   483 | D:1      | Reached XP level 3. HP: 26/26 MP: 3/3
   650 | D:2      | HP: 1/26 [adder (2)]
   685 | D:2      | Reached skill level 4 in Shields
   694 | D:2      | Reached XP level 4. HP: 24/31 MP: 4/4
  1074 | D:2      | Identified 2 scrolls of acquirement
  1074 | D:2      | Acquired 810 gold pieces
  1082 | D:2      | Acquired the ring of Iratownippa {*Corrode rF+++ Str+10
                  | SInv}
  1529 | D:3      | Reached skill level 1 in Polearms
  1531 | D:3      | Reached XP level 5. HP: 22/36 MP: 5/5
  1835 | D:3      | Noticed an ogre
  1843 | D:3      | Killed an ogre
  1844 | D:3      | Reached skill level 5 in Shields
  1844 | D:3      | Reached XP level 6. HP: 42/42 MP: 6/6
  1893 | D:3      | Slain by an orc

Illustrated notes

Levels and vault maps discovered:
D:1:      wander_arrival_chamber, layout_basic,
          ebering_ecumenical_altar_sacrificial
D:2:      layout_rooms
D:3:      layout_basic, nicolae_gozag_seed_capital,
          nicolae_overflow_hidden_temple

Skill      XL: |  1  2  3  4  5 |
---------------+----------------+-----
Shields        | 4 5 |  5.2
Polearms       | 1 2 |  2.5
Dodging        | 4 |  4.2
Fighting       | |  3.0
Axes           | |  2.2

Action                   |  1- 3 |  4- 6 || total
-------------------------+-------+-------++-------
Melee: War axe           |    21 |       ||    21
       Constrict         |    10 |    15 ||    25
       Spear             |    38 |    57 ||    95
       Tentacles         |    10 |    10 ||    20
  Use: Scroll            |     3 |     3 ||     6
       Potion            |     3 |     1 ||     4
 Stab: Sleeping          |     2 |     2 ||     4
Armor: Skin              |     1 |     3 ||     4
Dodge: Dodged            |    18 |    24 ||    42
Block: Kite shield       |    26 |    40 ||    66
